 Dungeon Crawl Stone Soup version 0.19.1-1-g22dce08 (webtiles) character file.

122 esteth the Chopper (level 4, -1/39 HPs)
             Began as a Minotaur Berserker on Jan 2, 2017.
             Was a Believer of Trog.
             Slain by an adder (5 damage)
             ... on level 3 of the Dungeon.
             The game lasted 00:04:21 (2164 turns).

esteth the Chopper (Minotaur Berserker)             Turns: 2164, Time: 00:04:21

Health: -1/39      AC:  1    Str: 23    XL:     4   Next: 78%
Magic:  3/3        EV: 12    Int:  4    God:    Trog [**....]
Gold:   79         SH:  0    Dex: 11    Spells: 0 memorised, 3 levels left

rFire  . . .     SeeInvis .     v - +0 battleaxe
rCold  + . .     Gourm    .     (no armour)
rNeg   . . .     Faith    .     (shield currently unavailable)
rPois  .         Spirit   .     (helmet restricted)
rElec  .         Reflect  .     (no cloak)
rCorr  .         Harm     .     w - +0 pair of gloves
MR     ++...                    (no boots)
Stlth  +.........               (no amulet)
                                s - ring of protection from cold
                                k - +2 ring of dexterity

@: regenerating
A: retaliatory headbutt, horns 2
a: Berserk, Trog's Hand, Burn Spellbooks, Renounce Religion


You were on level 3 of the Dungeon.
You worshipped Trog.
Trog was pleased with you.
You were not hungry.

You visited 1 branch of the dungeon, and saw 3 of its levels.

You collected 79 gold pieces.

Inventory:

Hand Weapons
 a - a +0 hand axe
 v - a +0 battleaxe (weapon)
Armour
 b - a +0 animal skin
 w - a +0 pair of gloves (worn)
 x - a +0 ring mail
Jewellery
 k - a +2 ring of dexterity (left hand)
 s - a ring of protection from cold (right hand)
Wands
 r - a wand of iceblast (7/15)
Scrolls
 d - 2 scrolls of remove curse {unknown}
 e - 2 scrolls of magic mapping {unknown}
 f - a scroll of identify {unknown}
 j - a scroll of random uselessness {unknown}
 m - a scroll of noise {unknown}
Potions
 g - a potion of curing {unknown}
 h - 3 potions of brilliance {unknown}
 i - a potion of beneficial mutation {unknown}
 l - 2 potions of flight {unknown}
 n - a potion of experience {unknown}
 o - a potion of berserk rage {unknown}
 p - a potion of cancellation {unknown}
 t - a potion of heal wounds {unknown}
Comestibles
 c - 2 bread rations
 q - 3 fruits


   Skills:
 - Level 3.6 Fighting
 + Level 6.7 Axes
 - Level 2.4 Armour
 - Level 2.1 Dodging


You had 3 spell levels left.
You didn't know any spells.

Dungeon Overview and Level Annotations

Branches:
Dungeon (3/15)

Altars:


Innate Abilities, Weirdness & Mutations

You reflexively headbutt those who attack you in melee.
You have a pair of horns on your head.


Message History

The kobold hits you but does no damage. The kobold closely misses you.
A goblin comes into view. It is wielding a dagger.
The goblin shouts!
You hit the kobold but do no damage. You closely miss the adder.
The adder bites you.
The goblin unwields an uncursed dagger.
The goblin wields a hunting sling.
The goblin shoots a stone.
The stone hits you. The adder bites you. The kobold hits you with a whip.
* * * LOW HITPOINT WARNING * * *
You barely miss the kobold. Your headbutt misses the kobold.
You barely miss the adder. The adder bites you.
* * * LOW HITPOINT WARNING * * *
The kobold misses you. The adder bites you.
* * * LOW HITPOINT WARNING * * *
Your skin crawls.
You feel resistant to hostile enchantments.
You feel somewhat more hungry. The adder barely misses you.
The kobold hits you with a whip.
* * * LOW HITPOINT WARNING * * *
The adder misses you. The adder bites you.
You die...

#.........<##.....
#.................
#.........)# ...
#......>..(###....
#####.....)....#......
..............(.......
##..(.(...........#
#######†((.....S##.###..
............((.@K..g....
######..................
##...........(...........
...#####.....(...#######.
.### #.........# .#
####.........#
#####...........##
##...####.......
##..####..........


You could see an adder, a goblin and a kobold.

Vanquished Creatures
  Ijyb (D:2)
  5 adders
  2 oozes
  A worm (D:2)
  A leopard gecko (D:1)
  An orc (D:3)
  5 bats
  2 giant cockroaches
  5 goblins
  2 hobgoblins
  A quokka (D:2)
  2 frilled lizards
  8 kobolds
  6 rats
42 creatures vanquished.

Notes
Turn   | Place    | Note
-------+----------+-------------------------------------------
     0 | D:1      | esteth the Minotaur Berserker began the quest for the Orb.
     0 | D:1      | Reached XP level 1. HP: 19/19 MP: 0/0
    45 | D:1      | Reached skill level 4 in Axes
   141 | D:1      | Reached XP level 2. HP: 25/26 MP: 1/1
   693 | D:1      | Reached skill level 5 in Axes
   875 | D:2      | Reached XP level 3. HP: 26/31 MP: 2/2
  1207 | D:2      | Noticed Ijyb
  1213 | D:2      | Killed Ijyb
  1213 | D:2      | Reached skill level 6 in Axes
  1213 | D:2      | Reached XP level 4. HP: 34/39 MP: 3/3
  1380 | D:2      | Reached ** piety under Trog
  2164 | D:3      | Slain by an adder

Skill      XL: |  1  2  3 |
---------------+----------+-----
Axes           | 4 5 6 |  6.7
Fighting       | |  3.6
Armour         | |  2.4
Dodging        | |  2.1

Action                   |  1- 3 |  4- 6 || total
-------------------------+-------+-------++-------
Melee: Hand axe          |    58 |    18 ||    76
       Headbutt          |    11 |     3 ||    14
       Battleaxe         |       |     7 ||     7
Invok: Trog's Hand       |       |     1 ||     1
 Stab: Sleeping          |     2 |       ||     2
  Eat: Chunk             |     1 |     3 ||     4
Armor: Animal skin       |     9 |     3 ||    12
       Skin              |       |     3 ||     3
Dodge: Dodged            |    35 |    29 ||    64
